Map: Overgrowth LE (Void)

Players

Loken - Winner!

  • Race: Protoss Protoss
  • League: Platinum
  • Spawn Location: 7:00

FrogMint

  • Race: Zerg Zerg
  • Spawn Location: 1:00

VOD

Have the link to the VOD?

Description

Time

  • Played on: March 17, 2017, 5:06 p.m.
  • Length: 9:41
Show
View Real Time Build Order
Export as new Build Order

Loken Protoss - Winner!

Build Orders: 1 Gate Expand 

Get SALT Encoding   

  12  0:01  Probe (Chrono Boost)  
  13  0:12  Probe (Chrono Boost)  
  14  0:25  Probe (Chrono Boost)  
  14  0:27  Pylon  
  15  0:45  Probe (Chrono Boost)  
  15  0:48  Gateway  
  16  0:54  Gateway  
  16  0:57  Probe (Chrono Boost)  
  17  1:08  Probe (Chrono Boost)  
  18  1:20  Probe (Chrono Boost)  
  19  1:28  Nexus  
  19  1:40  Cybernetics Core  
  19  1:45  Probe (Chrono Boost)  
  20  1:48  Assimilator  
  20  1:57  Zealot  
  22  2:06  Pylon  
  22  2:12  Probe (Chrono Boost)  
  23  2:15  Assimilator  
  23  2:24  Zealot x2, Probe (Chrono Boost)  
  28  2:35  Probe (Chrono Boost)  
  29  2:37  Warp Gate  
  29  2:45  Probe (Chrono Boost)  
  29  2:49  Probe (Chrono Boost)  
  31  2:54  Zealot x2  
  31  2:56  Probe (Chrono Boost)  
  36  3:00  Probe (Chrono Boost)  
  37  3:06  Probe (Chrono Boost)  
  37  3:10  Pylon, Probe (Chrono Boost)  
  39  3:21  Mothership Core (Chrono Boost)  
  39  3:22  Pylon  
  39  3:26  Stalker  
  43  3:30  Stalker  
  46  3:34  Probe (Chrono Boost)  
  46  3:39  Probe (Chrono Boost)  
  47  3:45  Assimilator, Probe (Chrono Boost)  
  48  3:49  Assimilator  
  48  3:50  Probe (Chrono Boost)  
  48  3:55  Probe (Chrono Boost)  
  50  3:59  Stalker  
  50  4:00  Probe (Chrono Boost)  
  50  4:01  Stalker  
  55  4:06  Probe (Chrono Boost)  
  56  4:16  Twilight Council  
  57  4:17  Probe (Chrono Boost)  
  57  4:28  Probe (Chrono Boost)  
  57  4:30  Probe (Chrono Boost)  
  59  4:34  Stargate  
  59  4:39  Probe (Chrono Boost)  
  59  4:41  Probe (Chrono Boost)  
  59  4:43  Gateway x2  
  61  4:49  Probe (Chrono Boost)  
  62  4:56  Pylon  
  62  4:58  Dark Shrine  
  62  5:05  Pylon  
  62  5:14  Probe x2 (Chrono Boost)  
  64  5:15  Pylon  
  64  5:18  Oracle  
  67  5:24  Probe (Chrono Boost)  
  68  5:34  Pylon  
  68  5:35  Probe (Chrono Boost)  
  69  5:53  Oracle  
  72  6:05  Pylon  
  72  6:08  Forge  
  72  6:09  Forge  
  72  6:11  Dark Templar x4  
  80  6:29  Oracle  
  78  7:16  Phoenix  
  78  7:17  Stalker x2  
  78  7:18  Stalker x2  
  88  7:23  Photon Cannon  
  88  7:25  Photon Cannon  
  88  7:28  Photon Cannon  
  88  7:31  Photon Cannon  
  88  7:35  Photon Cannon  
  88  7:36  Photon Cannon  
  88  7:41  Phoenix, Photon Cannon  
  88  7:42  Stalker, Photon Cannon  
  88  7:43  Stalker x3  
  94  7:56  Pylon  
  94  7:59  Pylon  
  94  8:14  Phoenix  
  94  8:18  Stalker x3  
  94  8:19  Stalker  
  96  8:39  Phoenix  
  98  8:51  Stalker x4  
  106  9:16  Nexus  
  100  9:27  Nexus  
Show
View Real Time Build Order
Export as new Build Order

FrogMint Zerg 

Build Orders: Hatch First 

Get SALT Encoding   

  12  0:01  Drone  
  13  0:12  Overlord  
  13  0:17  Drone  
  14  0:31  Drone x2  
  16  0:38  Drone  
  17  0:56  Drone  
  18  0:58  Hatchery  
  18  1:02  Extractor  
  18  1:03  Drone  
  17  1:16  Spawning Pool  
  16  1:19  Drone  
  17  1:29  Drone  
  17  1:30  Drone  
  19  1:43  Overlord  
  19  1:50  Drone  
  19  2:11  Queen  
  19  2:14  Drone x3  
  19  2:15  Queen  
  26  2:32  Drone  
  26  2:33  Drone  
  26  2:36  Drone  
  29  2:42  Hatchery  
  28  2:45  Drone  
  28  2:51  Drone x2  
  31  2:54  Queen  
  33  2:59  Spore Crawler  
  33  3:02  Drone  
  33  3:04  Metabolic Boost  
  33  3:15  Zergling x2  
  33  3:17  Zergling x2  
  35  3:22  Drone  
  35  3:23  Overlord x2  
  36  3:43  Lair  
  36  3:49  Drone x3  
  39  3:56  Drone x2  
  39  3:57  Drone, Evolution Chamber  
  39  4:00  Queen  
  43  4:03  Drone x5  
  43  4:07  Overlord  
  48  4:13  Spore Crawler  
  47  4:34  Zergling x24  
  59  4:45  Spire  
  58  4:47  Extractor  
  58  4:50  Extractor  
  58  4:51  Extractor  
  58  4:52  Drone x6  
  61  4:53  Drone  
  61  4:57  Overseer  
  62  5:10  Drone x4  
  66  5:19  Overlord x3  
  66  5:32  Overlord  
  66  5:33  Overlord  
  66  5:37  Queen  
  68  5:49  Zerg Melee Weapons Level 1  
  68  5:54  Drone x3  
  68  5:55  Drone x2  
  73  5:58  Drone  
  73  5:59  Drone x2  
  73  6:03  Overlord  
  76  6:30  Mutalisk x3  
  76  6:31  Mutalisk x4  
  90  6:43  Overseer  
  90  6:49  Mutalisk x2  
  85  7:15  Mutalisk  
  82  7:16  Mutalisk x2  
  82  7:21  Spore Crawler  
  78  7:22  Spine Crawler  
  73  7:30  Mutalisk  
  71  7:44  Drone x13  
  71  7:46  Queen  
  84  8:20  Mutalisk x2  
  84  8:21  Mutalisk x2  
  84  8:22  Queen  
  93  8:33  Mutalisk  
  85  8:34  Zergling x2  
  85  8:35  Zergling x16  
  81  8:42  Queen  
  81  8:50  Mutalisk  
  83  9:07  Hydralisk Den  
  69  9:22  Zergling x2  
  69  9:23  Zergling x18  
Tags
 
Add a new tag
Caveats
  • Supply blocks, unpowered buildings, or Contaminate may cause inaccurate times.
  • Supply counts are checked every 10 seconds.